 Dungeon Crawl Stone Soup version 0.26.1-11-gd32895ea62 (webtiles) character file.

Game seed: 13580390688532315929

3288 dtburroughs the Cleaver (level 9, -9/81 HPs)
             Began as a Minotaur Berserker on May 10, 2021.
             Was an Elder of Trog.
             Mangled by Gastronok (27 damage)
             ... on level 8 of the Dungeon.
             The game lasted 00:15:57 (7910 turns).

dtburroughs the Cleaver (Minotaur Berserker)        Turns: 7910, Time: 00:15:58

Health: -9/81      AC: 13    Str: 22    XL:     9   Next: 69%
Magic:  8/8        EV:  9    Int:  7    God:    Trog [****..]
Gold:   353        SH:  5    Dex: 10    Spells: 8/8 levels left

rFire    + . .     SeeInvis .   o - +0 war axe
rCold    . . .     Faith    .   g - +0 buckler
rNeg     . . .     Spirit   .   L - +0 plate armour
rPois    +         Reflect  .   (helmet restricted)
rElec    .         Harm     .   (no cloak)
rCorr    .         Rampage  .   (no gloves)
Will     .....                  (no boots)
Stlth    ..........             (no amulet)
HPRegen  0.23/turn              b - ring of poison resistance
MPRegen  0.11/turn              K - ring of protection from fire

@: slowed, very slow
A: retaliatory headbutt, horns 2
a: Renounce Religion, Berserk, Trog's Hand, Brothers in Arms


You were on level 8 of the Dungeon.
You worshipped Trog.
Trog was greatly pleased with you.
You visited 1 branch of the dungeon, and saw 8 of its levels.

You collected 353 gold pieces.

Inventory:

Hand Weapons
 a - a +0 hand axe
 m - a +0 morningstar
 o - a +0 war axe (weapon)
 G - a +0 battleaxe
 J - a +1 flail of protection
Armour
 g - a +0 buckler (worn)
 L - a +0 plate armour (worn)
Jewellery
 b - a ring of poison resistance (left hand)
 v - an uncursed ring of protection from cold
 y - a +6 ring of intelligence
 z - an uncursed ring of positive energy
 K - a ring of protection from fire (right hand)
Wands
 B - a wand of paralysis (17)
 D - a wand of polymorph (14)
 E - a wand of flame (14)
Scrolls
 c - 3 scrolls of enchant armour {unknown}
 d - a scroll of noise {unknown}
 e - 11 scrolls of identify
 i - 4 scrolls of magic mapping {unknown}
 j - 6 scrolls of teleportation
 l - 5 scrolls of remove curse
 n - 2 scrolls of amnesia {unknown}
 q - 2 scrolls of fear {unknown}
 r - 4 scrolls of blinking {unknown}
 s - 2 scrolls of enchant weapon {unknown}
Potions
 f - a potion of berserk rage {unknown}
 k - 2 potions of resistance
 p - 2 potions of might
 t - a potion of brilliance {unknown}
 u - a potion of cancellation {unknown}
 w - 6 potions of curing {unknown}
 x - a potion of flight {unknown}
 A - a potion of invisibility {unknown}
 F - 2 potions of lignification {unknown}
 H - a potion of magic {unknown}


   Skills:
 + Level 8.2 Fighting
 + Level 8.3 Axes
 + Level 7.8 Armour
 + Level 7.1 Dodging
 + Level 7.0 Shields


You had 8 spell levels left.
You didn't know any spells.
Your spell library was empty.

Dungeon Overview and Level Annotations

Branches:
Dungeon (8/15)             Temple (0/1) D:4
   Lair: D:8-11

Altars:
Ashenzari
Kikubaaqudgha
Makhleb
Nemelex Xobeh
Okawaru
Trog
Uskayaw
Xom
Yredelemnul
Zin
The Shining One

Shops:
D:4 ?*([

Annotations:
D:8 Gastronok


Innate Abilities, Weirdness & Mutations

You reflexively headbutt those who attack you in melee.
You have a pair of horns on your head.


Message History

The river rat's corpse disappears in a puff of smoke!
You block the bat's attack.
Gastronok sloshes about.
Gastronok bites you!!
* * * LOW HITPOINT WARNING * * *
You hit Gastronok but do no damage.
Gastronok is moderately wounded.
The bat closely misses you.
You hit Gastronok.
Gastronok is moderately wounded.
The bat hits you but does no damage.
Gastronok looks at you and mumbles some strange words.
You feel yourself slow down. The bat completely misses you.
You hit Gastronok.
Gastronok is moderately wounded.
You slash the bat!
You kill the bat!
The bat's corpse disappears in a puff of smoke!
Gastronok bites you!!
You die...

#..≈≈≈≈≈...#...#..........#.##
#.....≈≈.⌠.............##.(.).
##....................####((..
#.###...........###..# ###..
#...........<...##..#### #(.#
#####........................
#....#.........#.#.#.....
##...##..........#####...
#####..@§.........# ..##
#...w......##.....#
...$...............##
.....................#
#....................
###.................#
##.................
##......##......#. ###....
#.....##


You could see Gastronok.

Vanquished Creatures
  A two-headed ogre (D:7)
  Grinder (D:5)
  2 orc warriors (D:7)
  2 ice beasts (D:6)
  3 sky beasts
  A phantom (D:4)
  A hornet zombie (D:5)
  3 ogres
  3 centaurs
  2 scorpions
  4 killer bees (D:7)
  2 howler monkeys
  A centaur zombie (D:5)
  2 jellies
  A centaur skeleton (D:6)
  3 hounds
  3 orc priests
  4 orc wizards (D:7)
  6 worker ants
  A hound skeleton (D:3)
  A howler monkey skeleton (D:5)
  8 adders
  2 white imps
  An ufetubus (D:6)
  2 oozes
  An adder skeleton (D:6)
  A worm (D:4)
  3 dart slugs (D:3)
  5 leopard geckos
  29 orcs
  3 ball pythons
  3 bats
  7 giant cockroaches
  6 hobgoblins
  3 jackals (D:1)
  8 kobolds
  5 quokkas
  7 frilled lizards
  9 goblins
  A leopard gecko skeleton (D:4)
  A leopard gecko zombie (D:5)
  3 rats
155 creatures vanquished.

Notes
Turn   | Place    | Note
-------+----------+-------------------------------------------
     0 | D:1      | dtburroughs the Minotaur Berserker began the quest for the
                  | Orb.
     0 | D:1      | Reached XP level 1. HP: 19/19 MP: 0/0
   347 | D:1      | Reached XP level 2. HP: 24/27 MP: 1/1
  1004 | D:2      | Reached ** piety under Trog
  1005 | D:2      | Reached XP level 3. HP: 18/33 MP: 2/2
  1796 | D:2      | Reached skill level 1 in Shields
  2099 | D:3      | Reached XP level 4. HP: 38/40 MP: 3/3
  2367 | D:3      | Found a shimmering altar of Xom.
  2578 | D:3      | Reached XP level 5. HP: 47/47 MP: 4/4
  2666 | D:3      | Noticed a sky beast
  2695 | D:3      | Killed a sky beast
  3201 | D:3      | Reached XP level 6. HP: 41/55 MP: 5/5
  3569 | D:4      | Found Iluaclam's Magic Scroll Shoppe.
  3603 | D:4      | Reached skill level 5 in Fighting
  3603 | D:4      | Reached skill level 5 in Axes
  3615 | D:4      | Found Furuidut's General Store.
  3655 | D:4      | Found Mysot's Antique Armour Boutique.
  3716 | D:4      | Found Doitaxt's Weapon Boutique.
  3820 | D:4      | Found a staircase to the Ecumenical Temple.
  3989 | D:4      | Found a sparkling altar of Nemelex Xobeh.
  4273 | D:4      | Found a glowing golden altar of the Shining One.
  4275 | D:4      | Noticed an angel
  4281 | D:4      | Found a basalt altar of Yredelemnul.
  4378 | D:4      | Reached *** piety under Trog
  4384 | D:4      | Reached XP level 7. HP: 60/61 MP: 6/6
  4488 | D:5      | Entered Level 5 of the Dungeon
  4551 | D:5      | Noticed Grinder
  4570 | D:5      | Killed Grinder
  4571 | D:5      | Reached skill level 5 in Armour
  4709 | D:5      | Reached skill level 5 in Dodging
  4859 | D:5      | Reached XP level 8. HP: 55/70 MP: 7/7
  5165 | D:5      | Found a broken altar of Ashenzari.
  5251 | D:6      | Reached skill level 5 in Shields
  5670 | D:6      | Found a hide-covered altar of Uskayaw.
  5676 | D:6      | Found an iron altar of Okawaru.
  5717 | D:6      | Found a bloodstained altar of Trog.
  5926 | D:6      | Found a burning altar of Makhleb.
  6092 | D:7      | Reached XP level 9. HP: 29/79 MP: 8/8
  6110 | D:7      | HP: 3/79 [poisoned by a killer bee]
  6506 | D:7      | Reached **** piety under Trog
  7213 | D:8      | Found a glowing silver altar of Zin.
  7512 | D:8      | Found an ancient bone altar of Kikubaaqudgha.
  7557 | D:8      | Noticed Gastronok
  7557 | D:8      | Noticed a two-headed ogre
  7580 | D:7      | Killed a two-headed ogre
  7910 | D:8      | Mangled by Gastronok

Illustrated notes

Levels and vault maps discovered:
D:1:      mrwooster_arrival_arrow, layout_basic
D:2:      layout_rooms
D:3:      layout_basic, general_overflow_altar,
          hangedman_abyss_or_decor_lesser_grid
D:4:      layout_loops_ring, grunt_temple_overflow_holy_war,
          nemelex_xobeh_ov_fountains_minmay,
          minmay_temple_entry_drinking_statues, serial_shops, kennysheep_mini,
          shop, shop, shop_scrolls, grunt_ministairs_10,
          chequers_serial_rivers_micro_c
D:5:      layout_basic, nicolae_overflow_crystal_walls, uniq_grinder
D:6:      layout_basic, lemuel_round_altar, lemuel_doored_altar,
          grunt_temple_overflow_open
D:7:      layout_cave_pools, amcnicky_mini_rare_corridor_liquid
D:8:      layout_cave_pools, kiku_gazebo_pond_becter, lemuel_round_altar,
          hangedman_decor_lopped, minmay_lizard_king, uniq_gastronok

Skill      XL: |  1  2  3  4  5  6  7  8  9 |
---------------+----------------------------+-----
Fighting       | 4 5 6 7 8 |  8.2
Axes           | 4 5 6 7 8 |  8.3
Armour         | 3 4 5 6 7 |  7.8
Shields        | 1 2 3 4 5 7 |  7.0
Dodging        | 3 4 5 6 7 |  7.1

Action                   |  1- 3 |  4- 6 |  7- 9 || total
-------------------------+-------+-------+-------++-------
Melee: Hand axe          |   100 |    11 |       ||   111
       Headbutt          |    15 |    26 |    44 ||    85
       War axe           |       |   159 |   241 ||   400
Invok: Trog's Hand       |       |       |     2 ||     2
       Berserk           |       |       |     1 ||     1
  Use: Scroll            |       |     4 |     1 ||     5
       Potion            |       |       |     1 ||     1
Armor: Ring mail         |    23 |       |       ||    23
       Chain mail        |    24 |    75 |   101 ||   200
       Plate armour      |       |       |    12 ||    12
Dodge: Dodged            |    62 |    56 |   125 ||   243
Block: Buckler           |     5 |    18 |    53 ||    76
